 Dungeon Crawl Stone Soup version 0.28-a0-804-g60983d4ba9 (webtiles) character file.

Game seed: 160531639603150397

80 kae the Caller (level 4, -4/25 HPs)
             Began as a Tengu Summoner on Nov 7, 2021.
             Shot with a stone by a goblin (5 damage)
             ... led by Robin
             ... on level 2 of the Dungeon.
             The game lasted 00:01:35 (2311 turns).

kae the Caller (Tengu Summoner)                     Turns: 2311, Time: 00:01:36

Health: -4/25      AC:  2    Str:  9    XL:     4   Next: 39%
Magic:  0/8        EV: 13    Int: 16    God:
Gold:   96         SH:  0    Dex: 14    Spells: 5/8 levels left

rFire   . . .      SeeInvis .   d - +1 short sword
rCold   . . .      Faith    .   (no shield)
rNeg    . . .      Spirit   +   a - +0 robe
rPois   .          Reflect  .   (helmet restricted)
rElec   .          Harm     .   (no cloak)
rCorr   +          Rampage  .   (no gloves)
Will    .....                   (boots unavailable)
Stlth   ++........              i - amulet of guardian spirit
HPRegen 0.08/turn               g - ring of resist corrosion
MPRegen 0.11/turn               (no ring)

@: no status effects
A: beak, talons 3
a: no special abilities


You were on level 2 of the Dungeon.
You visited 1 branch of the dungeon, and saw 3 of its levels.

You collected 96 gold pieces.

Inventory:

Hand Weapons
 d - a +1 short sword (weapon)
Armour
 a - a +0 robe (worn)
Jewellery
 g - a ring of resist corrosion (left hand)
 i - an amulet of guardian spirit (around neck)
Scrolls
 j - a scroll of immolation
Potions
 b - a potion of cancellation
 c - a potion of lignification {unknown}
 e - a potion of invisibility {unknown}
 f - a potion of degeneration {unknown}
 h - a potion of curing {unknown}
 m - a potion of berserk rage {unknown}


   Skills:
 + Level 1.4 Fighting
 + Level 2.9 Dodging
 - Level 2.0 Stealth
 + Level 2.5 Spellcasting
 * Level 5.7 Summonings


You had 5 spell levels left.
You knew the following spells:

 Your Spells              Type           Power      Damage    Failure   Level
a - Summon Small Mammal   Summ           80%        N/A       1%          1
b - Call Imp              Summ           20%        N/A       2%          2

Your spell library contained the following spells:

 Spells                   Type           Power      Damage    Failure   Level
 Call Canine Familiar     Summ           20%        N/A       5%          3
 Summon Guardian Golem    Hex/Summ       11%        N/A       19%         3
 Shock                    Conj/Air       8%         1d3       21%         1
 Gell's Gravitas          Tloc           2%         N/A       52%         3
 Lesser Beckoning         Tloc           2%         N/A       52%         3
 Stone Arrow              Conj/Erth      4%         3d7       52%         3
 Swiftness                Air            2%         N/A       52%         3
 Teleport Other           Tloc           2%         N/A       52%         3
 Animate Armour           Summ/Erth      22%        N/A       52%         4
 Summon Lightning Spire   Summ/Air       11%        N/A       52%         4
 Airstrike                Air            1%         N/A       89%         4
 Lehudib's Crystal Spear  Conj/Erth      1%         10d2      100%        8


Dungeon Overview and Level Annotations

Branches:
Dungeon (3/15)

Altars:

Annotations:
D:3 Robin


Innate Abilities, Weirdness & Mutations

You have a beak for a mouth.
You have claws for feet.


Message History

The goblin unwields a +0 dagger.
The goblin wields a +0 hunting sling.
The goblin shoots a stone.
The stone barely misses your crimson imp.
The stone barely misses the goblin.
The stone hits you.
* * * LOW HITPOINT WARNING * * *
Your crimson imp blinks!
Casting: Call Imp (safe; 2% risk of failure)
Confirm with . or Enter, or press ? or * to list all spells.
The goblin hits you but does no damage. The goblin hits you but does no damage.
You swap places.
Your quokka bites the goblin.
The goblin hits your quokka with a +0 club.
The goblin no longer looks unusually strong.
Your quokka closely misses the goblin.
The goblin closely misses your quokka.
Your quokka bites the goblin.
The goblin hits your quokka with a +0 club.
Your quokka bites the goblin.
The goblin dies!
The goblin shoots a stone.
The stone misses your quokka.
The stone barely misses your crimson imp.
The stone hits you.
* * * LOW HITPOINT WARNING * * *
The goblin shoots a stone.
The stone barely misses your quokka. The stone hits your crimson imp.
Your quokka bites the goblin.
Your crimson imp blinks!
The goblin unwields a +0 hunting sling.
The goblin wields a +0 dagger.
The goblin hits your quokka with a +0 dagger.
Your quokka dies!
Your quokka's corpse disappears in a puff of smoke!
The goblin unwields a +0 dagger.
The goblin wields a +0 hunting sling.
The goblin shoots a stone.
The stone hits you.
* * * LOW HITPOINT WARNING * * *
The goblin shoots a stone.
The stone hits your crimson imp.
The goblin shoots a stone.
The stone hits your crimson imp.
Your crimson imp barely misses the goblin.
The goblin unwields a +0 dagger.
The goblin wields a +0 hunting sling.
The goblin shoots a stone.
The stone barely misses your crimson imp.
The stone hits you.
You die...

######### ####.......###
####### #####.............
#.....# #.................
#.....###@###.#.........#.
#....5....# #.#.........#.
####g###..# #.#.....)...#.
#)###..# #.##..).....#.
#g..#..###.#######.#.#.
###.#......# #.#.#. #.#..#####
#..... #....#.##########....
###########..>................


You could see a goblin (ally target) and a friendly crimson imp (summoned).

Vanquished Creatures
  An adder (D:2)
  An orc (D:2)
  2 endoplasms (D:1)
  2 giant cockroaches (D:2)
  2 goblins (D:3)
  2 hobgoblins (D:2)
  4 kobolds (D:2)
  3 ball pythons
  A bat (D:1)
  A frilled lizard (D:1)
  2 rats
  A spectral goblin (D:2)
22 creatures vanquished.

Vanquished Creatures (collateral kills)
  2 adders (D:2)
  2 dart slugs (D:1)
  2 orcs (D:2)
  An endoplasm (D:1)
  7 goblins
  3 hobgoblins
  2 bats (D:1)
  2 kobolds
  A rat (D:2)
22 creatures vanquished.

Grand Total: 44 creatures vanquished

Notes
Turn   | Place    | Note
-------+----------+-------------------------------------------
     0 | D:1      | kae the Tengu Summoner began the quest for the Orb.
     0 | D:1      | Reached XP level 1. HP: 10/10 MP: 4/4
   115 | D:1      | Reached skill level 5 in Summonings
   198 | D:1      | Reached XP level 2. HP: 16/16 MP: 3/6
   679 | D:1      | Learned a level 2 spell: Call Imp
   815 | D:2      | Found a faded altar of an unknown god.
  1033 | D:2      | Reached XP level 3. HP: 19/19 MP: 4/7
  1037 | D:2      | Reached skill level 1 in Fighting
  1505 | D:2      | Reached XP level 4. HP: 13/25 MP: 5/8
  2227 | D:3      | Identified the +0 helmet of the Iron Devil {*Corrode Str+9
                  | Dex+4}
  2227 | D:3      | Noticed Robin
  2302 | D:2      | HP: 1/25 [goblin/stone[Robin] (4)]
  2311 | D:2      | Shot with a stone by a goblin

Illustrated notes

Levels and vault maps discovered:
D:1:      saegor_arrival_simple_b, layout_rooms, minmay_cut_off
D:2:      kennysheep_big_flooded_room, layout_basic,
          dreamdust_ecumenical_altar_drowned_temple
D:3:      layout_loops_ring, gammafunk_temple_overflow_statue, st_stairs_1,
          chequers_serial_rivers_micro_d, uniq_robin

Skill      XL: |  1  2  3 |
---------------+----------+-----
Summonings     | 5 |  5.7
Fighting       | 1 |  1.4
Dodging        | |  2.9
Stealth        | |  2.0
Spellcasting   | |  2.5

Action                   |  1- 3 |  4- 6 || total
-------------------------+-------+-------++-------
Melee: Unarmed           |     4 |       ||     4
       Short sword       |    49 |    12 ||    61
       Kick              |     7 |       ||     7
       Peck              |    10 |       ||    10
 Cast: Summon Small Mamm |    21 |     7 ||    28
       Call Imp          |     9 |     5 ||    14
  Use: Scroll            |     3 |     4 ||     7
 Stab: Distracted        |     1 |       ||     1
Armor: Robe              |    13 |     7 ||    20
Dodge: Dodged            |    50 |    14 ||    64

Table legend: (Time is in decaauts)
 A = Elapsed time spent in this place.
 B = Non-inter-level travel time spent in this place.
 C = Inter-level travel time spent in this place.
 D = Time resting spent in this place.
 E = Time spent auto-exploring this place.
 F = Levels seen in this place.
 G = Mean time per level.
                   A        B        C        D        E       F      G
               +--------+--------+--------+--------+--------+-----+--------+
         Total |   2321 |   2284 |     37 |    103 |   1777 |   3 |  773.7 |
       Dungeon |   2321 |   2284 |     37 |    103 |   1777 |   3 |  773.7 |
               +--------+--------+--------+--------+--------+-----+--------+

Top non-repeatable levels by time:
     D:2: 1378 daAuts
     D:1: 771 daAuts
     D:3: 171 daAuts
